 Dungeon Crawl Stone Soup version 0.22.1-2-g9c5b331383 (webtiles) character file.

868 McIrco the Sneak (level 7, -7/50 HPs)
             Began as a Vampire Assassin on Jan 5, 2019.
             Mangled by an orc warrior
             ... wielding a +3 mace
              (25 damage)
             ... on level 6 of the Dungeon.
             The game lasted 00:12:36 (7384 turns).

McIrco the Sneak (Vampire Assassin)                 Turns: 7384, Time: 00:12:36

Health: -7/50      AC:  4    Str:  7 (10) XL:     7   Next: 73%
Magic:  7/7        EV: 12    Int: 12 (14) God:
Gold:   319        SH: 12    Dex: 14 (17) Spells: 6/6 levels left

rFire    . . .     SeeInvis +   a - +3 dagger (freeze)
rCold    + + +     Gourm    .   p - +4 shield {rC+}
rNeg     + + +     Faith    .   q - +0 robe
rPois    ∞         Spirit   .   (no helmet)
rElec    .         Reflect  .   d - +0 cloak
rCorr    .         Harm     .   (no gloves)
MR       .....                  w - +0 pair of boots
Stlth    +++++.....             k - amulet of the acrobat
HPRegen  0.00/turn              (no ring)
MPRegen  0.10/turn              (no ring)

@: bloodless, non-regenerating
A: fangs 3, see invisible, unbreathing
a: Bat Form


You were on level 6 of the Dungeon.
You were bloodless.

You visited 2 branches of the dungeon, and saw 7 of its levels.

You collected 319 gold pieces.

Inventory:

Hand Weapons
 a - a +3 dagger of freezing (weapon)
 b - a +0 blowgun
 t - a +1 dagger of speed
Missiles
 e - 8 poisoned needles
 f - a curare-tipped needle
Armour
 d - a +0 cloak (worn)
 p - a +4 shield of cold resistance (worn)
 q - a +0 robe (worn)
 w - a +0 pair of boots (worn)
Jewellery
 k - an amulet of the acrobat (around neck)
Scrolls
 g - a scroll of identify
 i - 3 scrolls of teleportation
 j - a scroll of remove curse
Potions
 c - a potion of might {unknown}
 h - 13 potions of blood
 l - a potion of heal wounds
 m - a potion of ambrosia {unknown}
 n - 2 potions of agility {unknown}
 o - 2 potions of flight {unknown}
 u - 3 potions of curing {unknown}
 A - 2 potions of degeneration
 C - a potion of mutation {unknown}


   Skills:
 - Level 2.1 Fighting
 + Level 6.2 Short Blades
 - Level 1.6 Throwing
 + Level 3.9 Dodging
 - Level 7.0 Stealth
 * Level 4.5 Shields


You had 6 spell levels left.
You didn't know any spells.
Your spell library contained the following spells:

 Spells                   Type           Power        Failure   Level  Hunger
 Beastly Appendage        Tmut           #.....       77%         1    ##.....
 Flame Tongue             Conj/Fire      #....        77%         1    ##.....
 Freeze                   Ice            #...         77%         1    ##.....
 Sticks to Snakes         Tmut           #.......     88%         2    ###....
 Throw Flame              Conj/Fire      #.....       88%         2    ###....
 Throw Frost              Conj/Ice       #.....       88%         2    ###....
 Conjure Flame            Conj/Fire      #.......     98%         3    ####...
 Inner Flame              Hex/Fire       #.......     98%         3    ####...
 Ozocubu's Armour         Chrm/Ice       #.......     98%         3    ####...
 Spider Form              Tmut/Pois      #.........   98%         3    ####...
 Ice Form                 Ice/Tmut       #.......     100%        4    #####..
 Sticky Flame             Conj/Fire      #.......     100%        4    #####..
 Summon Ice Beast         Ice/Summ       #.......     100%        4    #####..
 Throw Icicle             Conj/Ice       #.......     100%        4    #####..
 Blade Hands              Tmut           #.........   100%        5    ######.
 Fireball                 Conj/Fire      #.........   100%        5    ######.


Dungeon Overview and Level Annotations

Branches:
Dungeon (6/15)             Temple (1/1) D:5

Altars:
Ashenzari
Elyvilon
Fedhas
Gozag
Hepliaklqana
Kikubaaqudgha
Okawaru
Ru
Sif Muna
Trog
Vehumet
Wu Jian
Xom
Yredelemnul


Innate Abilities, Weirdness & Mutations

You do not heal naturally.
You are immune to poison.
You have razor-sharp teeth.
You have supernaturally acute eyesight. (SInv)
You can survive without breathing.


Message History

The orc warrior is moderately wounded.
You hit the orc warrior but do no damage.
The orc warrior is moderately wounded.
The orc warrior hits you with an enchanted mace!
You hit the orc warrior but do no damage.
The orc warrior is moderately wounded.
The orc priest mumbles some strange prayers to Beogh against you.
Beogh smites you!
* * * LOW HITPOINT WARNING * * *
The orc priest invokes the aid of Beogh against you.
Beogh smites you!
* * * LOW HITPOINT WARNING * * *
It was a potion of degeneration.
There was something very wrong with that liquid.
You feel weakened.
You feel dopey.
You feel clumsy. You block the orc warrior's attack.
It was a potion of heal wounds.
You feel much better.
The orc warrior hits you with an enchanted mace!!
Ouch! That really hurt!
You die...

### #... .....
.....o#############
....oo)Zooo@......#
.....5###########.#
..../ #... ... .#


You could see an orc warrior, 2 orc priests, a shadow imp, 3 orcs and a centaur
skeleton.

Vanquished Creatures
  Eustachio (D:5)
  An ogre (D:5)
  2 jellies
  A hound (D:4)
  An orc priest (D:5)
  A bullfrog skeleton (D:3)
  2 iguanas
  4 orc wizards
  Jessica (D:2)
  3 worker ants
  A hound skeleton (D:5)
  10 adders
  A shadow imp (D:5)
  2 oozes (D:2)
  6 worms
  A dart slug (D:1)
  4 leopard geckos
  9 orcs
  6 bats
  A giant cockroach (D:2)
  9 goblins
  9 hobgoblins
  9 jackals
  3 quokkas
  3 frilled lizards
  A kobold (D:3)
  10 rats
102 creatures vanquished.

Notes
Turn   | Place    | Note
-------+----------+-------------------------------------------
     0 | D:1      | McIrco the Vampire Assassin began the quest for the Orb.
     0 | D:1      | Reached XP level 1. HP: 16/16 MP: 1/1
  2490 | D:1      | Reached skill level 6 in Stealth
  2556 | D:1      | Reached XP level 2. HP: 14/22 MP: 2/2
  3413 | D:1      | Reached XP level 3. HP: 20/27 MP: 3/3
  3663 | D:2      | Reached skill level 7 in Stealth
  3721 | D:2      | Found a basalt altar of Yredelemnul.
  3784 | D:2      | Noticed Jessica
  3792 | D:2      | Killed Jessica
  3792 | D:2      | Reached skill level 1 in Shields
  3792 | D:2      | Reached XP level 4. HP: 33/33 MP: 4/4
  4328 | D:3      | Found a radiant altar of Vehumet.
  4377 | D:3      | Reached XP level 5. HP: 36/38 MP: 5/5
  4486 | D:3      | Found a bloodstained altar of Trog.
  5128 | D:4      | Reached XP level 6. HP: 44/44 MP: 6/6
  5266 | D:4      | Found an opulent altar of Gozag.
  5864 | D:5      | Entered Level 5 of the Dungeon
  5901 | D:5      | Reached skill level 5 in Short Blades
  6301 | D:5      | Found a staircase to the Ecumenical Temple.
  6308 | Temple   | Entered the Ecumenical Temple
  6597 | D:5      | Reached XP level 7. HP: 45/50 MP: 7/7
  7241 | D:5      | Noticed Eustachio
  7243 | D:5      | Killed Eustachio
  7335 | D:6      | Found an iron altar of Okawaru.
  7382 | D:6      | HP: 1/50 [orc priest/divine providence (9)]
  7384 | D:6      | Mangled by an orc warrior

Skill      XL: |  1  2  3  4  5  6  7 |
---------------+----------------------+-----
Stealth        | 6 7 |  7.0
Fighting       | 2 |  2.1
Dodging        | 2 3 |  3.9
Shields        | 1 2 3 4 |  4.5
Short Blades   | 3 4 5 6 |  6.2
Throwing       | |  1.6

Action                   |  1- 3 |  4- 6 |  7- 9 || total
-------------------------+-------+-------+-------++-------
Melee: Dagger            |    83 |   147 |    36 ||   266
       Bite              |     5 |    17 |     6 ||    28
 Fire: Blowgun           |     8 |    10 |       ||    18
  Use: Potion            |     1 |     1 |     2 ||     4
       Scroll            |       |     1 |     9 ||    10
 Stab: Sleeping          |    13 |    28 |     6 ||    47
Armor: Robe              |    15 |    12 |     1 ||    28
Dodge: Dodged            |    31 |    34 |     9 ||    74
Block: Shield            |    14 |    40 |     7 ||    61
